 Dungeon Crawl Stone Soup version 0.30-a0-1161-g0704695555 (webtiles) character file.

Game seed: 11519499612339265686

1 Arzdou the Trooper (level 1, 18/18 HPs)
             Began as a Human Cinder Acolyte on Apr 27, 2023.
             Was a High Priest of Ignis.
             Quit the game on level 1 of the Dungeon.
             The game lasted 00:00:16 (73 turns).

Arzdou the Trooper (Human Cinder Acolyte)             Turns: 73, Time: 00:00:17

Health: 18/18      AC:  2    Str: 14    XL:     1   Next: 22%
Magic:  2/2        EV: 11    Int: 14    God:    Ignis [*****.]
Gold:   32         SH:  0    Dex:  8    Spells: 2/2 levels left

rFire   + . .        a - -1 hand axe (flame)
rCold   . . .        (no shield)
rNeg    . . .        b - +0 robe
rPois   .            (no helmet)
rElec   .            (no cloak)
rCorr   .            (no gloves)
SInv    .            (no boots)
Will    .....        (no amulet)
Stlth   +            (no ring)
HPRegen 0.23/turn    (no ring)
MPRegen 0.08/turn

%: no passive effects
@: no status effects
A: no striking features
a: Renounce Religion, Fiery Armour, Foxfire Swarm, Rising Flame


You were on level 1 of the Dungeon.
You worshipped Ignis.
Ignis was extremely pleased with you.
You visited 1 branch of the dungeon, and saw 1 of its levels.

You collected 32 gold pieces.

Inventory:

Hand Weapons
 a - a -1 hand axe of flaming (weapon)
Armour
 b - a +0 robe (worn)
Jewellery
 d - a ring of see invisible
Scrolls
 c - a scroll of butterflies {unknown}


   Skills:
 + Level 3.1 Fighting
 * Level 3.0 Axes
 + Level 1.0 Spellcasting
 + Level 3.0 Fire Magic


You had 2 spell levels left.
You didn't know any spells.
Your spell library contained the following spells:

 Spells                   Type           Power      Damage    Failure   Level
 Scorch                   Fire           18%        2d5       12%         2


Dungeon Overview and Level Annotations

Branches:
Dungeon (1/15)

Altars:


Message History

Welcome, Arzdou the Human Cinder Acolyte.
They say the Orb of Zot lies within this dungeon, but they say a lot of things.
The flames of Ignis gently warm you.
Press ? for a list of commands and other information.
Found 14 gold pieces.
Found two stairs.
There is a stone staircase leading down here.
You now have 14 gold pieces.
You open the door.
There is an open door here.
Found a short sword.
A ball python comes into view.
The ball python hisses angrily.
A ball python is nearby!
Found 5 gold pieces.
Found a stone staircase leading down.
Nothing quivered!
You completely miss the ball python. The ball python barely misses you.
The ball python grabs you. The ball python constricts you.
You closely miss the ball python. The ball python barely misses you.
The ball python constricts you.
You slash the ball python! You burn the ball python.
You kill the ball python!
HP restored.
You now have 19 gold pieces (gained 5).
c - a scroll labelled WEDORI POSKAN You now have 32 gold pieces (gained 13).
d - a ring of see invisible
Found a dagger.
You see here a +0 dagger.
Found 7 stones.
A frilled lizard comes into view.
Are you sure you want to abandon this character and quit the game? (Confirm with "yes".)

#.......# .# #
#.......########.##.
#.#.......).........
.......#####..#..###
...###.#####..#..###.#.
... #.##.............(
... #.##.##....#.## #.
# #.##.#.##.### ..
...##.@....... #.
#.#####.#.#...!. ..
#.#... ... .. ........
l # ##.##...... #.#
.##### #.# .# #.# .#


You could see a frilled lizard (asleep).

Vanquished Creatures
  A ball python (D:1)
1 creature vanquished.

Notes
Turn   | Place    | Note
-------+----------+-------------------------------------------
     0 | D:1      | Arzdou the Human Cinder Acolyte began the quest for the
                  | Orb.
     0 | D:1      | Reached XP level 1. HP: 18/18 MP: 2/2
    73 | D:1      | Quit the game

Illustrated notes

Levels and vault maps discovered:
D:1:      dpeg_arrival_pits, layout_loops_cross, serial_bayou_lake_a

Action                     || total
---------------------------++-------
  Melee: Hand axe          ||     3
  Dodge: Dodged            ||     2

Table legend: (Time is in decaauts)
 A = Elapsed time spent in this place.
 B = Non-inter-level travel time spent in this place.
 C = Inter-level travel time spent in this place.
 D = Time resting spent in this place.
 E = Time spent auto-exploring this place.
 F = Levels seen in this place.
 G = Mean time per level.
                   A        B        C        D        E       F      G
               +--------+--------+--------+--------+--------+-----+--------+
         Total |     73 |     73 |      0 |      0 |     62 |   1 |   73.0 |
       Dungeon |     73 |     73 |      0 |      0 |     62 |   1 |   73.0 |
               +--------+--------+--------+--------+--------+-----+--------+

Top non-repeatable levels by time:
     D:1: 73 daAuts
